 Dungeon Crawl Stone Soup version 0.21-a0-338-g36cf2fc (webtiles) character file.

33679 Amnesiac the Destroyer (level 13, -1/99 HPs)
             Began as a Gnoll Conjurer on Oct 3, 2017.
             Was an Elder of Ashenzari.
             Slain by a red ugly thing (12 damage)
             ... on level 14 of the Dungeon.
             The game lasted 00:39:13 (14962 turns).

Amnesiac the Destroyer (Gnoll Conjurer)            Turns: 14962, Time: 00:39:14

Health: -1/99      AC: 12    Str: 13    XL:     13   Next: 72%
Magic:  3/35       EV: 20    Int: 23    God:    Ashenzari [****..]
Gold:   729        SH: 15    Dex: 15    Spells: 7/31 levels left

rFire    . . .     SeeInvis +   Q - +2 scimitar (freeze) (curse)
rCold    . . .     Gourm    .   n - +0 shield (curse)
rNeg     . . .     Faith    .   v - +3 leather armour (curse)
rPois    .         Spirit   .   P - +0 helmet (curse)
rElec    .         Reflect  .   H - +0 cloak (curse)
rCorr    .         Harm     .   d - +0 pair of gloves (curse)
MR       .....     Clarity  +   M - +0 pair of boots (curse)
Stlth    +++++.....             g - amulet of magic regeneration (curse)
HPRegen  0.26/turn              s - ring of flight (curse)
MPRegen  0.49/turn              j - ring of magical power (curse)

@: no status effects
A: distributed training, fangs 1, large bone plates 1, berserk 1, strong 1,
evolution 1, strong nose
a: Curse Item, Scrying, Renounce Religion, Evoke Flight


You were on level 14 of the Dungeon.
You worshipped Ashenzari.
Ashenzari was greatly pleased with you.
You were near starving.

You visited 2 branches of the dungeon, and saw 15 of its levels.

You collected 768 gold pieces.
You spent 39 gold pieces at shops.

Inventory:

Hand Weapons
 Q - a cursed +2 scimitar of freezing (weapon)
Missiles
 e - 49 poisoned needles
 f - 7 curare-tipped needles
 p - 4 needles of confusion
Armour
 d - a cursed +0 pair of gloves (worn)
 n - a cursed +0 shield (worn)
 v - a cursed +3 leather armour (worn)
 H - a cursed +0 cloak (worn)
 M - a cursed +0 pair of boots (worn)
 P - a cursed +0 helmet (worn)
 S - a +2 robe of the Archmagi
Magical Staves
 o - an uncursed staff of fire
 X - an uncursed staff of cold
Jewellery
 g - a cursed amulet of magic regeneration (around neck)
 i - the ring of Uskayaw's Benevolence {rElec rN+ Str+3 Stlth-}
   (You found it on level 11 of the Dungeon)

   [ring of strength]

   It affects your strength (+3).
   It insulates you from electricity.
   It protects you from negative energy.
   It makes you less stealthy.
 j - a cursed ring of magical power (right hand)
 s - a cursed ring of flight (left hand)
 A - an uncursed ring of ice
Wands
 B - a wand of scattershot (1/9)
 E - a wand of disintegration (11/24)
 G - a wand of polymorph (5/24)
 I - a wand of paralysis (16/24)
 J - a wand of clouds (5/9)
Scrolls
 l - 5 scrolls of teleportation {!r}
 t - 3 scrolls of enchant weapon {!r}
 u - 3 scrolls of recharging {!r}
 w - 2 scrolls of fog {!r}
 C - 2 scrolls of vulnerability {!r}
 D - 2 scrolls of enchant armour {!r}
 F - 5 scrolls of magic mapping {!r}
 L - a scroll of fear {!r}
 U - a scroll of brand weapon {!r}
 V - a scroll of amnesia {!r}
Potions
 a - 2 potions of haste {!q}
 h - 4 potions of curing {!q}
 z - a potion of mutation {!q}
 K - 3 potions of lignification {!q}
 N - a potion of flight {!q}
 O - a potion of ambrosia {!q}
Books
 b - a book of Conjurations

   Spells                             Type                      Level
   a - Magic Dart                     Conjuration                  1
   b - Searing Ray                    Conjuration                  2
   c - Dazzling Spray                 Conjuration/Hexes            3
   d - Fulminant Prism                Conjuration/Hexes            4
   e - Force Lance                    Conjuration/Translocation    4
   f - Iskenderun's Mystic Blast      Conjuration                  4
 k - a book of Cantrips

   Spells                             Type                      Level
   a - Confusing Touch                Hexes                        1
   b - Animate Skeleton               Necromancy                   1
   c - Summon Small Mammal            Summoning                    1
   d - Apportation                    Translocation                1
 x - a book of Geomancy

   Spells                             Type                      Level
   a - Sandblast                      Earth                        1
   b - Passwall                       Transmutation/Earth          2
   c - Stone Arrow                    Conjuration/Earth            3
   d - Petrify                        Transmutation/Earth          4
   e - Lee's Rapid Deconstruction     Earth                        5
 y - a book of Frost

   Spells                             Type                      Level
   a - Freeze                         Ice                          1
   b - Throw Frost                    Conjuration/Ice              2
   c - Ozocubu's Armour               Charms/Ice                   3
   d - Throw Icicle                   Conjuration/Ice              4
   e - Summon Ice Beast               Ice/Summoning                4
 W - a book of Ice

   Spells                             Type                      Level
   a - Ice Form                       Ice/Transmutation            4
   b - Metabolic Englaciation         Hexes/Ice                    5
   c - Ozocubu's Refrigeration        Ice                          6
   d - Bolt of Cold                   Conjuration/Ice              6
   e - Freezing Cloud                 Conjuration/Ice/Air          6
   f - Simulacrum                     Ice/Necromancy               6
Miscellaneous
 R - a sack of spiders
Comestibles
 c - 7 bread rations
 m - 6 meat rations
 q - a chunk of flesh
 r - 14 royal jellies


   Skills:
 + Level 8.4 Fighting
 + Level 8.4 Short Blades
 + Level 8.4(11.8) Long Blades
 + Level 8.4 Axes
 + Level 8.4 Maces & Flails
 + Level 8.4 Polearms
 + Level 8.4 Staves
 + Level 8.4 Slings
 + Level 8.4 Bows
 + Level 8.4 Crossbows
 + Level 8.4 Throwing
 + Level 8.4 Armour
 + Level 9.6(12.9) Dodging
 + Level 9.4(12.7) Stealth
   Level 0.0 Stabbing
 + Level 8.4(10.6) Shields
   Level 0.0 Traps
 + Level 8.4 Unarmed Combat
 + Level 9.8 Spellcasting
 + Level 11.7(14.8) Conjurations
 + Level 8.4(11.8) Hexes
 + Level 8.4(11.8) Charms
 + Level 8.4(11.8) Summonings
 + Level 8.4(11.8) Necromancy
 + Level 8.4(11.8) Translocations
 + Level 8.4(11.8) Transmutations
 + Level 8.4(11.8) Fire Magic
 + Level 8.4(11.8) Ice Magic
 + Level 8.4(11.8) Air Magic
 + Level 8.4(11.8) Earth Magic
 + Level 8.4(11.8) Poison Magic
 + Level 8.4 Invocations
 + Level 8.4(11.8) Evocations


You had 7 spell levels left.
You knew the following spells:

 Your Spells              Type           Power        Failure   Level  Hunger
a - Throw Icicle          Conj/Ice       ######..     1%          4    ##.....
b - Passwall              Tmut/Erth      ######....   1%          2    None
c - Iskenderun's Mystic   Conj           ######..     1%          4    ##.....
d - Bolt of Cold          Conj/Ice       ######....   8%          6    ######.
e - Ozocubu's Armour      Chrm/Ice       ######..     1%          3    None
s - Fulminant Prism       Conj/Hex       ######....   1%          4    ##.....
w - Magic Dart            Conj           ####         1%          1    None


Dungeon Overview and Level Annotations

Branches:
Dungeon (14/15)            Temple (1/1) D:6            Lair (0/6) D:11
    Orc (0/2) D:9
 Vaults: D:13-14

Altars:
Ashenzari
Cheibriados
Dithmenos
Elyvilon
Fedhas
Gozag
Hepliaklqana
Kikubaaqudgha
Makhleb
Nemelex Xobeh
Okawaru
Qazlal
Ru
Sif Muna
Trog
Uskayaw
Vehumet
Wu Jian
Xom
Yredelemnul
Zin
The Shining One

Shops:
D:8 =   D:9 !   D:11 *

Annotations:
D:7 1 runed door


Innate Abilities, Weirdness & Mutations

Your experience applies equally to all skills.
You have very sharp teeth.
Your uncanny sense of smell can sniff out nearby items.
You are partially covered in large bone plates. (SH +4)
You tend to lose your temper in combat.
Your muscles are strong. (Str +2)
You evolve.


Message History

The arrow burns you.
* * * LOW HITPOINT WARNING * * *
The centaur warrior shoots an arrow.
You block the arrow. The heat melts your icy armour.
You see here an arrow.
Casting: Bolt of Cold
Confirm with . or Enter, or press ? or * to list all spells.
Aiming: Bolt of Cold
Press: ? - help, Shift-Dir - straight line, f - centaur warrior
Aim: a centaur warrior, wielding a shortbow of flaming and quivering 14 arrows (heavily wounded)
The bolt of cold hits the centaur warrior.
You kill the centaur warrior!
You are feeling very hungry.
You block the vault guard's attack.
Unknown command.
You block the vault guard's attack.
The vault guard hits you from afar with a glaive!
* * * LOW HITPOINT WARNING * * *
Your icy armour starts to melt.
Your icy armour evaporates. 2 ugly things come into view.
The red ugly thing gurgles horribly!
A red ugly thing comes into view.
The vault guard completely misses you.
Okay, then.
Really read
L - 2 scrolls of fear {!r}?
As you read the scroll of fear {!r}, it crumbles to dust.
You assume a fearsome visage.
The vault guard looks frightened!
The red ugly thing looks frightened! x3
The red ugly thing basks in the mutagenic energy from its kin and changes!
Unknown command.
The vault guard gives up.
Casting: Bolt of Cold
Confirm with . or Enter, or press ? or * to list all spells.
Aiming: Bolt of Cold
Press: ? - help, Shift-Dir - straight line, f - red ugly thing
Aim: a red ugly thing The bolt of cold hits the red ugly thing.
The red ugly thing is moderately wounded.
Your attack snaps the red ugly thing out of its fear.
Casting: Bolt of Cold
Confirm with . or Enter, or press ? or * to list all spells.
Aiming: Bolt of Cold
Press: ? - help, Shift-Dir - straight line, f/p - red ugly thing
Aim: a red ugly thing (moderately wounded)
The bolt of cold hits the red ugly thing.
The red ugly thing is almost dead.
You are near starving!
Unknown command.
You slash the red ugly thing! You freeze the red ugly thing.
The red ugly thing is almost dead.
The vault guard seems to regain its courage.
The red ugly thing closely misses you.
You riposte.
You closely miss the red ugly thing.
You bite the red ugly thing, but do no damage.
The red ugly thing is almost dead.
You closely miss the red ugly thing.
The red ugly thing is almost dead.
You hit the red ugly thing. You freeze the red ugly thing.
The red ugly thing is almost dead.
The red ugly thing tentacle-slaps you.
* * * LOW HITPOINT WARNING * * *
You are engulfed in flames!
You die...

......#
###..#######
.....W########
*#.##
.....c........ #.#
c.............,##.#
.......[.:.... #..#
....?......... #.##
.............. #p#
################.#
#..u@# #.#### #.#
#.# ** #u# *#u# ,,
*..# ** * .## * *
,, ,.,*


You could see a vault guard and a red ugly thing.

Vanquished Creatures
  A frost giant (D:13)
  The ghost of Amnesiac the Destroyer, a journeyman GnCj of Ashenzari (D:10)
  An ogre mage (D:11)
  Erolcha (D:9)
  A hydra (D:11)
  3 vault guards (D:14)
  5 centaur warriors
  3 two-headed ogres
  Pikel (D:7)
  The ghost of p0werm0de the Gouger, a novice FeCK of Xom (D:8)
  2 deep elf magi
  2 cyclopes
  The ghost of p0werm0de the Conjurer, a novice OpCj of Wu Jian (D:7)
  2 rime drakes (D:13)
  A gargoyle (D:13)
  A komodo dragon (D:13)
  4 trolls
  A hornet (D:11)
  5 slime creatures (D:13)
  5 hippogriffs
  Eustachio (D:6)
  A vampire (D:13)
  4 wraiths
  3 wyverns
  32 yaks
  A hungry ghost (D:12)
  6 vampire mosquitoes
  3 wargs (D:11)
  2 acid dragons (D:12)
  A water moccasin (D:8)
  2 orc warriors
  2 sky beasts (D:13)
  2 hornet zombies
  7 ice beasts
  A necrophage (D:7)
  7 ogres
  2 crocodiles
  8 centaurs
  4 big kobolds
  2 wyvern zombies
  8 bullfrogs
  A gnoll sergeant (D:9)
  4 scorpions
  A water moccasin skeleton (D:5)
  9 killer bees
  16 wights
  5 howler monkeys
  An electric eel (D:11)
  3 centaur zombies
  9 crimson imps
  4 hounds
  3 jellies (D:8)
  18 orc priests
  2 bullfrog zombies
  3 bullfrog skeletons
  A centaur skeleton (D:9)
  5 iguanas
  13 orc wizards
  6 worker ants
  2 hound skeletons
  A worker ant zombie (D:10)
  7 gnolls
  15 adders
  A shadow imp (D:12)
  5 oozes (D:8)
  An adder zombie (D:5)
  An adder skeleton (D:4)
  4 worms
  A dart slug (D:3)
  7 leopard geckos
  86 orcs
  4 giant cockroaches
  9 goblins
  10 hobgoblins
  3 jackals
  23 kobolds
  8 quokkas
  2 ball pythons
  9 bats
  5 frilled lizards
  2 jackal skeletons
  2 leopard gecko skeletons
  4 quokka skeletons
  11 rats
468 creatures vanquished.

Vanquished Creatures (others)
  An unseen horror (D:14)
  10 fulminant prisms
11 creatures vanquished.

Grand Total: 479 creatures vanquished

Notes
Turn   | Place    | Note
-------+----------+-------------------------------------------
     0 | D:1      | Amnesiac the Gnoll Conjurer began the quest for the Orb.
     0 | D:1      | Reached XP level 1. HP: 13/13 MP: 6/6
   224 | D:1      | Reached XP level 2. HP: 19/19 MP: 2/7
   581 | D:2      | Reached skill level 5 in Spellcasting
   581 | D:2      | Reached XP level 3. HP: 25/25 MP: 5/9
   653 | D:2      | Found a radiant altar of Vehumet.
   947 | D:2      | Reached skill level 1 in Fighting
   947 | D:2      | Reached skill level 1 in Short Blades
   947 | D:2      | Reached skill level 1 in Long Blades
   947 | D:2      | Reached skill level 1 in Axes
   947 | D:2      | Reached skill level 1 in Maces & Flails
   947 | D:2      | Reached skill level 1 in Polearms
   947 | D:2      | Reached skill level 1 in Staves
   947 | D:2      | Reached skill level 1 in Slings
   947 | D:2      | Reached skill level 1 in Bows
   947 | D:2      | Reached skill level 1 in Crossbows
   947 | D:2      | Reached skill level 1 in Throwing
   947 | D:2      | Reached skill level 1 in Armour
   947 | D:2      | Reached skill level 1 in Shields
   947 | D:2      | Reached skill level 1 in Unarmed Combat
   947 | D:2      | Reached skill level 1 in Hexes
   947 | D:2      | Reached skill level 1 in Charms
   947 | D:2      | Reached skill level 1 in Summonings
   947 | D:2      | Reached skill level 1 in Necromancy
   947 | D:2      | Reached skill level 1 in Translocations
   947 | D:2      | Reached skill level 1 in Transmutations
   947 | D:2      | Reached skill level 1 in Fire Magic
   947 | D:2      | Reached skill level 1 in Ice Magic
   947 | D:2      | Reached skill level 1 in Air Magic
   947 | D:2      | Reached skill level 1 in Earth Magic
   947 | D:2      | Reached skill level 1 in Poison Magic
   947 | D:2      | Reached skill level 1 in Invocations
   947 | D:2      | Reached skill level 1 in Evocations
   973 | D:2      | Found a hazy altar of Hepliaklqana.
  1119 | D:2      | Reached XP level 4. HP: 32/32 MP: 7/11
  1125 | D:2      | Learned a level 4 spell: Fulminant Prism
  1130 | D:2      | Learned a level 4 spell: Iskenderun's Mystic Blast
  1714 | D:3      | Reached XP level 5. HP: 31/37 MP: 0/12
  2324 | D:3      | Reached XP level 6. HP: 26/44 MP: 3/13
  2626 | D:4      | Reached skill level 5 in Dodging
  2901 | D:4      | Reached XP level 7. HP: 46/50 MP: 5/15
  3620 | D:4      | Reached skill level 5 in Stealth
  3620 | D:4      | Reached skill level 9 in Conjurations
  3857 | D:5      | Entered Level 5 of the Dungeon
  3927 | D:5      | Reached XP level 8. HP: 57/57 MP: 2/16
  5357 | D:6      | Got a spiked ring mail
  5503 | D:6      | Noticed Eustachio
  5509 | D:6      | Learned a level 3 spell: Ozocubu's Armour
  5514 | D:6      | Learned a level 4 spell: Throw Icicle
  5532 | D:6      | Killed Eustachio
  5698 | D:6      | Reached XP level 9. HP: 65/65 MP: 1/18
  5713 | D:6      | Found a staircase to the Ecumenical Temple.
  5722 | Temple   | Entered the Ecumenical Temple
  6245 | D:7      | Found a sacrificial altar of Ru.
  6245 | D:7      | Found an ancient bone altar of Kikubaaqudgha.
  6245 | D:7      | Found a stormy altar of Qazlal.
  6245 | D:7      | Found a shattered altar of Ashenzari.
  6245 | D:7      | Noticed p0werm0de's ghost (novice OpCj)
  6249 | D:7      | Killed p0werm0de's ghost
  6257 | D:7      | Became a worshipper of Ashenzari the Shackled
  6265 | D:7      | Noticed a sixfirhy
  6589 | D:7      | Found an opulent altar of Gozag.
  6679 | D:7      | Noticed Pikel
  6694 | D:7      | Killed Pikel
  6801 | D:7      | Got the cursed buckler of a ziggurat {Regen+ Str+5 Int-2}
  6807 | D:7      | Identified the cursed -3 buckler of a ziggurat {Regen+ Str+5 Int-2} (You found it on level 7 of the Dungeon)
  6816 | D:7      | Reached XP level 10. HP: 73/73 MP: 3/20
  6891 | D:7      | Found a runed door.
  6942 | D:7      | Learned a level 2 spell: Passwall
  7204 | D:8      | Noticed p0werm0de's ghost (novice FeCK)
  7269 | D:8      | Noticed a two-headed ogre
  7319 | D:8      | Noticed a two-headed ogre
  7333 | D:8      | Killed a two-headed ogre
  7333 | D:8      | Reached skill level 5 in Fighting
  7333 | D:8      | Reached skill level 5 in Short Blades
  7333 | D:8      | Reached skill level 5 in Long Blades
  7333 | D:8      | Reached skill level 5 in Axes
  7333 | D:8      | Reached skill level 5 in Maces & Flails
  7333 | D:8      | Reached skill level 5 in Polearms
  7333 | D:8      | Reached skill level 5 in Staves
  7333 | D:8      | Reached skill level 5 in Slings
  7333 | D:8      | Reached skill level 5 in Bows
  7333 | D:8      | Reached skill level 5 in Crossbows
  7333 | D:8      | Reached skill level 5 in Throwing
  7333 | D:8      | Reached skill level 5 in Armour
  7333 | D:8      | Reached skill level 5 in Shields
  7333 | D:8      | Reached skill level 5 in Unarmed Combat
  7333 | D:8      | Reached skill level 5 in Hexes
  7333 | D:8      | Reached skill level 5 in Charms
  7333 | D:8      | Reached skill level 5 in Summonings
  7333 | D:8      | Reached skill level 5 in Necromancy
  7333 | D:8      | Reached skill level 5 in Translocations
  7333 | D:8      | Reached skill level 5 in Transmutations
  7333 | D:8      | Reached skill level 5 in Fire Magic
  7333 | D:8      | Reached skill level 5 in Ice Magic
  7333 | D:8      | Reached skill level 5 in Air Magic
  7333 | D:8      | Reached skill level 5 in Earth Magic
  7333 | D:8      | Reached skill level 5 in Poison Magic
  7333 | D:8      | Reached skill level 5 in Invocations
  7333 | D:8      | Reached skill level 5 in Evocations
  7427 | D:8      | Found a shimmering altar of Xom.
  7444 | D:7      | Reached skill level 10 in Conjurations
  8020 | D:8      | Found Plog's Jewellery Emporium.
  8105 | D:8      | Killed a two-headed ogre
  8513 | D:8      | Killed p0werm0de's ghost
  8580 | D:8      | Identified the +5 ring mail of Somewhere Else {Str-2 Int+2 Stlth+} (You found it on level 6 of the Dungeon)
  8587 | D:9      | Reached XP level 11. HP: 81/81 MP: 3/22
  8884 | D:9      | Noticed Erolcha
  8926 | D:9      | Killed Erolcha
  9072 | D:9      | Reached * piety under Ashenzari
  9092 | D:9      | Found Uleam's Distillery.
  9453 | D:9      | Found a staircase to the Orcish Mines.
  9792 | D:10     | Entered Level 10 of the Dungeon
  9893 | D:10     | Reached ** piety under Ashenzari
  9893 | D:10     | Noticed a two-headed ogre
  9897 | D:10     | Killed a two-headed ogre
  9936 | D:10     | Identified the +4 chain mail of Sunlight {+Blink rC+}
 10039 | D:10     | Noticed Amnesiac's ghost (journeyman GnCj)
 10052 | D:10     | Killed Amnesiac's ghost
 10866 | D:11     | Noticed a four-headed hydra
 10875 | D:11     | Killed a four-headed hydra
 11163 | D:11     | Found a staircase to the Lair.
 11279 | D:11     | Noticed a deep elf mage
 11287 | D:11     | Reached XP level 12. HP: 69/89 MP: 3/24
 11466 | D:11     | Paralysed by a hornet for 1 turns
 11479 | D:11     | Noticed an ogre mage
 11487 | D:11     | Killed an ogre mage
 11742 | D:11     | Gained mutation: You tend to lose your temper in combat. [potion of mutation]
 11742 | D:11     | Gained mutation: You are partially covered in large bone plates. (SH +4) [potion of mutation]
 11742 | D:11     | Gained mutation: Your muscles are strong. (Str +2) [potion of mutation]
 11742 | D:11     | Gained mutation: You evolve. [potion of mutation]
 11936 | D:11     | Identified the ring of Uskayaw's Benevolence {rElec rN+ Str+3 Stlth-}
 12034 | D:11     | Found Zuitiasicu's General Store.
 12037 | D:11     | Bought a scroll of teleportation for 39 gold pieces
 12567 | D:12     | Reached skill level 11 in Conjurations
 12817 | D:12     | Reached *** piety under Ashenzari
 13016 | D:12     | Found a shadowy altar of Dithmenos.
 13184 | D:13     | Noticed a centaur warrior
 13190 | D:13     | Killed a centaur warrior
 13268 | D:13     | Reached XP level 13. HP: 98/98 MP: 13/26
 13357 | D:13     | Noticed a frost giant
 13893 | D:13     | Learned a level 6 spell: Bolt of Cold
 14232 | D:13     | Killed a frost giant
 14232 | D:13     | Identified the +5 battleaxe "Ufopo" {freeze, +Rage} (You took it off a frost giant on level 13 of the Dungeon)
 14459 | D:13     | Reached **** piety under Ashenzari
 14757 | D:13     | Found a sacrificial altar of Ru.
 14759 | D:13     | Found a shimmering altar of Xom.
 14759 | D:13     | Found a sacrificial altar of Ru.
 14761 | D:13     | Found a shimmering altar of Xom.
 14761 | D:13     | Found an ornate altar of the Wu Jian Council.
 14761 | D:13     | Found a basalt altar of Yredelemnul.
 14811 | D:14     | Found a radiant altar of Vehumet.
 14833 | D:14     | Noticed a vault guard
 14848 | D:14     | Killed a vault guard
 14858 | D:14     | Noticed a vault guard
 14877 | D:14     | Killed a vault guard
 14902 | D:14     | Noticed a vault guard
 14905 | D:14     | Noticed a vault guard
 14932 | D:14     | Killed a vault guard
 14962 | D:14     | Slain by a red ugly thing

Vault maps used:
D:1:      matt_arrival_diagonals, st_stairs_8
D:2:      minmay_wonky_spiral, lemuel_coloured_pillars_altar, vehumet_crystals
D:4:      minivault_25, roderic_roman_lattice, amethyst_killhole
D:5:      first_bread
D:6:      minmay_temple_entry_glass, minmay_misc_feat_cross, uniq_eustachio
D:7:      cheibrodos_shockbox, grunt_temple_overflow_open, serial_glass,
          glass_columns_a, glass_columns_a, glass_columns_b, glass_columns_c,
          glass_columns_a, glass_columns_a, glass_columns_a, glass_columns_a,
          glass_columns_a, glass_columns_c, glass_columns_a, glass_columns_a,
          glass_columns_a, glass_columns_b, grunt_gozag_breadcrumbs, uniq_pikel
D:8:      basic_altar, serial_shops, shop, hangedman_little_slice_of_home
D:9:      hiddenorc2_lemuel, serial_shops, shop, uniq_erolcha
D:11:     kennysheep_big_flooded_room, erik_lair_orcish_takeover, serial_shops,
          nicolae_shop_trees, lightli_minifort
D:12:     grunt_dithmenos_shadows
D:13:     minmay_coctagon, doesnt_xom_only_xom
D:14:     erik_vaults_2, grunt_decor_fettered, basic_altar
Temple:   regret_index_temple_sphere_string

Skill      XL: |  1  2  3  4  5  6  7  8  9 10 11 12 13 |
---------------+----------------------------------------+-----
Spellcasting   | 5 6 7 8 9 |  9.8
Fighting       | 1 2 3 4 5 6 7 8 |  8.4
Short Blades   | 1 2 3 4 5 6 7 8 |  8.4
Long Blades    | 1 2 3 4 5 6 7 8 |  8.4
Axes           | 1 2 3 4 5 6 7 8 |  8.4
Maces & Flails | 1 2 3 4 5 6 7 8 |  8.4
Polearms       | 1 2 3 4 5 6 7 8 |  8.4
Staves         | 1 2 3 4 5 6 7 8 |  8.4
Slings         | 1 2 3 4 5 6 7 8 |  8.4
Bows           | 1 2 3 4 5 6 7 8 |  8.4
Crossbows      | 1 2 3 4 5 6 7 8 |  8.4
Throwing       | 1 2 3 4 5 6 7 8 |  8.4
Armour         | 1 2 3 4 5 6 7 8 |  8.4
Shields        | 1 2 3 4 5 6 7 8 |  8.4
Unarmed Combat | 1 2 3 4 5 6 7 8 |  8.4
Hexes          | 1 2 3 4 5 6 7 8 |  8.4
Charms         | 1 2 3 4 5 6 7 8 |  8.4
Summonings     | 1 2 3 4 5 6 7 8 |  8.4
Necromancy     | 1 2 3 4 5 6 7 8 |  8.4
Translocations | 1 2 3 4 5 6 7 8 |  8.4
Transmutations | 1 2 3 4 5 6 7 8 |  8.4
Fire Magic     | 1 2 3 4 5 6 7 8 |  8.4
Ice Magic      | 1 2 3 4 5 6 7 8 |  8.4
Air Magic      | 1 2 3 4 5 6 7 8 |  8.4
Earth Magic    | 1 2 3 4 5 6 7 8 |  8.4
Poison Magic   | 1 2 3 4 5 6 7 8 |  8.4
Invocations    | 1 2 3 4 5 6 7 8 |  8.4
Evocations     | 1 2 3 4 5 6 7 8 |  8.4
Dodging        | 5 6 7 8 9 |  9.6
Stealth        | 5 6 7 8 9 |  9.4
Conjurations   | 9 10 11 | 11.7

Action                   |  1- 3 |  4- 6 |  7- 9 | 10-12 | 13-15 || total
-------------------------+-------+-------+-------+-------+-------++-------
Melee: Unarmed           |     1 |     2 |       |       |       ||     3
       Flail             |       |     5 |       |       |       ||     5
       Dagger            |       |     3 |   114 |   123 |       ||   240
       Punch             |       |       |     4 |     3 |       ||     7
       Bite              |       |       |    11 |    46 |    17 ||    74
       Scimitar          |       |       |       |   228 |   130 ||   358
       Spear             |       |       |       |    51 |       ||    51
 Cast: Magic Dart        |    73 |    87 |   130 |    11 |       ||   301
       Iskenderun's Myst |       |    11 |    25 |       |     5 ||    41
       Fulminant Prism   |       |     2 |     5 |       |     3 ||    10
       Throw Icicle      |       |       |    27 |   345 |    61 ||   433
       Ozocubu's Armour  |       |       |     1 |     1 |     5 ||     7
       Bolt of Cold      |       |       |       |       |    13 ||    13
Invok: Curse Item        |       |       |       |     8 |       ||     8
Evoke: Wand              |       |       |     1 |       |       ||     1
  Use: Potion            |       |     1 |       |     9 |     1 ||    11
       Scroll            |       |       |     6 |     6 |     5 ||    17
 Stab: Distracted        |     1 |       |       |       |       ||     1
       Invisible         |       |     2 |       |       |       ||     2
       Sleeping          |       |     1 |     1 |     5 |     1 ||     8
  Eat: Chunk             |       |     8 |    16 |    36 |    10 ||    70
       Royal jelly       |       |       |     2 |     4 |       ||     6
       Fruit             |       |       |       |     7 |       ||     7
Armor: Robe              |     1 |     4 |    15 |       |       ||    20
       Leather armour    |       |       |     6 |    97 |    24 ||   127
Dodge: Dodged            |     5 |    26 |   133 |   320 |    71 ||   555
Block: Shield            |       |       |       |   192 |   118 ||   310
       Rpst.: Scimitar   |       |       |       |    38 |    18 ||    56

Table legend:
 A = Spawn XP
 B = Non-spawn XP
 C = Spawn XP percentage of total XP
 D = Spawn monster count
 E = Non-spawn monster count
 F = Spawn count percentage of total count
 G = Total turns spent on level
                    A         B        C        D         E        F      G
               +---------+---------+-------+---------+---------+-------+---------
         Total |       0 |   48113 |   0.0 |       0 |     468 |   0.0 | 14962
               +---------+---------+-------+---------+---------+-------+---------
           D:1 |       0 |      31 |   0.0 |       0 |      21 |   0.0 |   579
           D:2 |       0 |      59 |   0.0 |       0 |      26 |   0.0 |   816
           D:3 |       0 |     244 |   0.0 |       0 |      29 |   0.0 |  1065
           D:4 |       0 |     780 |   0.0 |       0 |      22 |   0.0 |  1397
           D:5 |       0 |     806 |   0.0 |       0 |      43 |   0.0 |  1446
           D:6 |       0 |     570 |   0.0 |       0 |       8 |   0.0 |   788
           D:7 |       0 |    2711 |   0.0 |       0 |      28 |   0.0 |  1535
           D:8 |       0 |    3983 |   0.0 |       0 |      40 |   0.0 |   758
           D:9 |       0 |    3106 |   0.0 |       0 |      58 |   0.0 |  1254
          D:10 |       0 |    3711 |   0.0 |       0 |      26 |   0.0 |  1071
          D:11 |       0 |    6119 |   0.0 |       0 |      47 |   0.0 |  1590
          D:12 |       0 |    7368 |   0.0 |       0 |      56 |   0.0 |   822
          D:13 |       0 |   11528 |   0.0 |       0 |      49 |   0.0 |  1535
          D:14 |       0 |    7097 |   0.0 |       0 |      15 |   0.0 |   152
               +---------+---------+-------+---------+---------+-------+---------
